 Dungeon Crawl Stone Soup version 0.26.0-10-g1f06aea511 (webtiles) character file.

Game seed: 15051570860380578653

3014 Dracia the Fighter (level 9, -12/78 HPs)
             Began as a Demonspawn Gladiator on Jan 21, 2021.
             Was a Believer of Makhleb.
             Mangled by an orc knight
             ... wielding a +0 war axe
              (21 damage)
             ... in a bailey.
             The game lasted 00:20:23 (7955 turns).

Dracia the Fighter (Demonspawn Gladiator)           Turns: 7955, Time: 00:20:23

Health: -12/78     AC: 16    Str: 18    XL:     9   Next: 55%
Magic:  12/12      EV:  8    Int: 10    God:    Makhleb [**....]
Gold:   277        SH:  0    Dex: 10    Spells: 8/8 levels left

rFire    + . .     SeeInvis .     - Unarmed
rCold    + + .     Faith    .   (no shield)
rNeg     + . .     Spirit   .   a - +0 chain mail
rPois    +         Reflect  .   c - +2 helmet
rElec    .         Harm     .   (no cloak)
rCorr    +         Rampage  .   (no gloves)
Will     .....                  j - +1 pair of boots
Stlth    ..........             (no amulet)
HPRegen  0.23/turn              s - ring "Nisugaas" {rPois rF+ rC++ rN+ Dex-4}
MPRegen  0.13/turn              R - ring of resist corrosion

@: no status effects
A: claws 2, icy blue scales 2, powered by death 2
a: Renounce Religion, Minor Destruction


You were in a bailey.
You worshipped Makhleb.
Makhleb was pleased with you.
You visited 2 branches of the dungeon, and saw 8 of its levels.
You also visited: Bailey.

You collected 342 gold pieces.
You spent 65 gold pieces at shops.


Innate Abilities, Weirdness & Mutations

You have very sharp fingernails.
You are mostly covered in icy blue scales. (AC +3)
You regenerate health from kills.


   Skills:
 - Level 10.0 Fighting
 - Level 2.6 Staves
 - Level 1.7 Throwing
 - Level 1.7 Armour
 - Level 3.3 Dodging
 + Level 7.0 Unarmed Combat
 + Level 4.3 Invocations


You had 8 spell levels left.
You didn't know any spells.
Your spell library was empty.

Inventory:

Missiles
 d - a throwing net {=f=f}
 g - 23 boomerangs
 p - 32 poisoned darts
Armour
 a - a +0 chain mail (worn)
 b - a +0 leather armour
 c - a +2 helmet (worn)
 j - a +1 pair of boots (worn)
Magical Staves
 k - an uncursed staff of earth {!a!a, unknown}
Jewellery
 q - an uncursed ring of willpower
 s - the ring "Nisugaas" (left claw) {rPois rF+ rC++ rN+ Dex-4}
   (You found it on level 4 of the Dungeon)

   [ring of protection from fire]

   It affects your dexterity (-4).
   It protects you from fire.
   It greatly protects you from cold.
   It protects you from poison.
   It protects you from negative energy.
 C - an uncursed ring of ice
 L - an uncursed ring of flight
 R - a ring of resist corrosion (right claw)
Wands
 u - a wand of flame (13)
Scrolls
 h - 5 scrolls of identify {@r1@r1}
 o - 2 scrolls of remove curse {@r2@r2}
 r - a scroll of teleportation {@r4@r4}
 x - a scroll of enchant weapon
Potions
 e - 4 potions of flight
 f - a potion of mutation
 m - a potion of resistance
 n - 3 potions of brilliance
 t - a potion of ambrosia {unknown}
 v - a potion of attraction

Dungeon Overview and Level Annotations

Branches:
Dungeon (7/15)             Temple (1/1) D:6          Bailey (1/1)

Altars:
Ashenzari
Dithmenos
Fedhas
Gozag
Makhleb
Nemelex Xobeh
Qazlal
Trog
Wu Jian
Yredelemnul

Shops:
D:5 *

Portals:
Abyss: D:5

Annotations:
D:5 2 transporters, PeterLawrence's ghost, novice MiFi

#.........#
##..g....##
#.......#
##.....##
♣♣##'''##♣
♣........♣
♣♣.....)..♣♣
♣.....∩o...♣
♣......@...♣♣
♣♣....∩.....♣
♣..........♣
♣.......♣.♣♣
♣♣♣♣♣.♣.♣♣♣
♣♣♣♣♣


You could see an orc knight and a hobgoblin.


Message History

Okay, then.
You feel better.
The orc knight shouts!
No targets found!
The stone arrow misses the orc knight.
The puff of flame hits the orc knight but does no damage.
The orc knight resists with some effort.
The zap misses the orc knight.
The glob of acid hits the orc knight.
The orc knight is splashed with acid.
The orc knight is lightly wounded.
The orc knight hits you with a +0 war axe!
* * * LOW HITPOINT WARNING * * *
Unknown command.
You barely miss the orc knight.
The orc knight is lightly wounded.
The orc knight hits you with a +0 war axe.
* * * LOW HITPOINT WARNING * * *
You closely miss the orc knight.
The orc knight is lightly wounded.
The orc knight hits you but does no damage.
You scratch the orc knight but do no damage.
The orc knight is lightly wounded.
You barely miss the orc knight.
The orc knight is lightly wounded.
The orc knight hits you with a +0 war axe!
* * * LOW HITPOINT WARNING * * *
You scratch the orc knight but do no damage.
The orc knight is lightly wounded.
The orc knight hits you with a +0 war axe!!
You die...

Skill      XL: |  1  2  3  4  5  6  7  8  9 |
---------------+----------------------------+-----
Dodging        | 3 |  3.3
Armour         | 1 |  1.7
Unarmed Combat | 1 2 3 4 5 7 |  7.0
Fighting       | 3 4 5 7 9 10 | 10.0
Invocations    | 4 |  4.3
Staves         | |  2.6
Throwing       | |  1.7

Action                   |  1- 3 |  4- 6 |  7- 9 || total
-------------------------+-------+-------+-------++-------
Melee: Quarterstaff      |    50 |       |       ||    50
       Unarmed           |    97 |   230 |   506 ||   833
       Punch             |       |     6 |     6 ||    12
Throw: Throwing net      |       |     4 |       ||     4
       Boomerang         |       |     1 |       ||     1
       Dart              |       |       |     3 ||     3
Invok: Minor Destruction |       |       |     5 ||     5
  Use: Potion            |       |     3 |     5 ||     8
       Scroll            |       |    11 |     6 ||    17
 Stab: Held in net/web   |       |     2 |       ||     2
Armor: Leather armour    |    39 |    45 |       ||    84
       Chain mail        |       |    35 |   401 ||   436
Dodge: Dodged            |   105 |   129 |   238 ||   472

Levels and vault maps discovered:
D:1:      shiori_arrival_oz, layout_basic, st_stairs_7
D:2:      layout_loops_corners, bloody_trog
D:3:      layout_rooms
D:4:      layout_cave_pools, kennysheep_doodads
D:5:      layout_rooms, nicolae_dithmenos_the_darkroom, serial_shops,
          nicolae_shop_trees, gammafunk_ghost_abyssal_escape,
          chequers_serial_rivers_room_a, uniq_duvessa
D:6:      layout_rooms, minitemple, minmay_temple_entry_slanted
D:7:      layout_loops_ring, grunt_temple_overflow_opulence,
          nicolae_ru_path_of_blood, enter_bailey_5, feat_on_display, uniq_pikel
Temple:   minmay_temple_forest_path
Bailey:   bailey_axe_minmay_hex_keep, bailey

Notes
Turn   | Place    | Note
-------+----------+-------------------------------------------
     0 | D:1      | Dracia the Demonspawn Gladiator began the quest for the
                  | Orb.
     0 | D:1      | Reached XP level 1. HP: 16/16 MP: 1/1
    73 | D:1      | Reached skill level 3 in Dodging
    93 | D:1      | Reached skill level 1 in Armour
    93 | D:1      | Gained mutation: You regenerate a little health from kills.
                  | [demonic ancestry]
    93 | D:1      | Reached XP level 2. HP: 22/22 MP: 2/2
   178 | D:1      | Gained mutation: You have sharp fingernails. [demonic
                  | ancestry]
   178 | D:1      | Reached XP level 3. HP: 27/27 MP: 3/3
   866 | D:2      | Found a bloodstained altar of Trog.
  1769 | D:3      | Reached skill level 1 in Unarmed Combat
  1777 | D:3      | Gained mutation: You are partially covered in icy blue
                  | scales. (AC +2) [demonic ancestry]
  1777 | D:3      | Reached XP level 4. HP: 34/34 MP: 4/4
  1814 | D:3      | Identified 2 potions of resistance
  2149 | D:3      | Reached skill level 3 in Fighting
  2207 | D:3      | You fall into a shaft and drop 3 floors!
  2207 | D:6      | Noticed a bullfrog
  2221 | D:6      | Killed a bullfrog
  2222 | D:6      | Gained mutation: You regenerate health from kills. [demonic
                  | ancestry]
  2222 | D:6      | Reached XP level 5. HP: 21/42 MP: 5/5
  2579 | D:5      | Entered Level 5 of the Dungeon
  2604 | D:4      | Reached skill level 4 in Fighting
  2604 | D:4      | Reached skill level 2 in Unarmed Combat
  3206 | D:3      | Gained mutation: You are mostly covered in icy blue scales.
                  | (AC +3) [demonic ancestry]
  3206 | D:3      | Reached XP level 6. HP: 20/49 MP: 6/6
  3243 | D:3      | HP: 4/49 [orc/+0 club (2)]
  3258 | D:2      | HP: 4/49 [orc/+0 club (3)]
  3859 | D:4      | Reached skill level 5 in Fighting
  3874 | D:3      | HP: 5/51 [poisoned by a scorpion]
  3880 | D:3      | HP: 3/51 [poisoned by a scorpion]
  3886 | D:3      | HP: 2/51 [poisoned by a scorpion]
  3894 | D:3      | HP: 1/51 [poisoned by a scorpion]
  4409 | D:4      | Reached skill level 3 in Unarmed Combat
  4713 | D:4      | Got a heavily runed steel ring
  4714 | D:4      | Identified the ring "Nisugaas" {rPois rF+ rC++ rN+ Dex-4}
                  | (You found it on level 4 of the Dungeon)
  4870 | D:5      | Gained mutation: You have very sharp fingernails. [demonic
                  | ancestry]
  4870 | D:5      | Reached XP level 7. HP: 54/57 MP: 7/7
  4891 | D:5      | Found a shadowy altar of Dithmenos.
  4917 | D:5      | Reached skill level 6 in Fighting
  5187 | D:5      | Found a transporter.
  5205 | D:5      | Reached skill level 4 in Unarmed Combat
  5248 | D:5      | Identified the +6 dagger of Ancient Evil {distort, rElec
                  | rF- rC+ Str+3}
  5314 | D:4      | Reached skill level 7 in Fighting
  5438 | D:5      | HP: 5/60 [centaur (2)]
  5439 | D:5      | HP: 2/60 [centaur (2)]
  5711 | D:5      | Found a transporter.
  5745 | D:5      | Noticed Duvessa
  6025 | D:5      | Noticed Dowan
  6037 | D:5      | Killed Duvessa
  6038 | D:5      | Reached XP level 8. HP: 63/67 MP: 8/8
  6056 | D:5      | Killed Dowan
  6151 | D:5      | Reached skill level 8 in Fighting
  6184 | D:5      | Reached skill level 5 in Unarmed Combat
  6476 | D:5      | Noticed an ancient zyme
  6514 | D:5      | Found Acvoqo's General Store.
  6521 | D:5      | Bought a potion of heal wounds for 65 gold pieces
  6621 | D:5      | Found a one-way gate to the infinite horrors of the Abyss.
  6621 | D:5      | Noticed PeterLawrence's ghost (novice MiFi)
  6813 | D:6      | Found a staircase to the Ecumenical Temple.
  6831 | Temple   | Entered the Ecumenical Temple
  6922 | Temple   | Became a worshipper of Makhleb the Destroyer
  7220 | D:6      | Found an ornate altar of the Wu Jian Council.
  7222 | D:6      | Found a broken altar of Ashenzari.
  7312 | D:7      | Noticed Pikel
  7337 | D:7      | Killed Pikel
  7338 | D:7      | Reached skill level 9 in Fighting
  7338 | D:7      | Reached XP level 9. HP: 74/77 MP: 9/9
  7416 | D:7      | Reached skill level 6 in Unarmed Combat
  7542 | D:7      | Found an opulent altar of Gozag.
  7542 | D:7      | Found a sparkling altar of Nemelex Xobeh.
  7553 | D:7      | Reached skill level 10 in Fighting
  7664 | D:7      | Reached skill level 1 in Invocations
  7685 | D:7      | Reached skill level 2 in Invocations
  7689 | D:7      | Reached * piety under Makhleb
  7729 | D:7      | Reached skill level 3 in Invocations
  7739 | D:7      | Found a flagged portal.
  7754 | Bailey   | Entered a bailey
  7811 | Bailey   | Reached skill level 7 in Unarmed Combat
  7811 | Bailey   | Reached skill level 4 in Invocations
  7882 | Bailey   | Noticed an orc knight
  7884 | Bailey   | Noticed an orc knight
  7931 | Bailey   | Reached ** piety under Makhleb
  7955 | Bailey   | Mangled by an orc knight

Vanquished Creatures
  Pikel (D:7)
  Duvessa (D:5)
  2 sky beasts (D:5)
  An ice beast (D:7)
  2 orc warriors (Bailey)
  A phantom (D:5)
  3 ogres
  3 centaurs
  A lemure (D:7)
  A bullfrog (D:6)
  Dowan (D:5)
  2 scorpions
  5 wights (D:7)
  A howler monkey (D:6)
  A bullfrog zombie (D:7)
  2 hounds (D:7)
  3 orc priests
  3 jellies
  A gnoll shaman (D:5)
  A centaur skeleton (D:5)
  3 iguanas
  3 orc wizards
  4 worker ants
  A hound skeleton (D:5)
  A worker ant zombie (D:6)
  9 gnolls
  7 adders
  A shadow imp (D:6)
  2 white imps
  3 ufetubi
  2 oozes
  5 worms
  2 dart slugs (D:1)
  2 leopard geckos
  28 orcs
  3 ball pythons
  6 bats
  7 giant cockroaches
  19 goblins
  17 hobgoblins
  3 jackals (D:1)
  5 kobolds
  4 quokkas
  4 frilled lizards
  11 rats
188 creatures vanquished.

Vanquished Creatures (others)
  An orc wizard (D:5)
  2 orcs
3 creatures vanquished.

Grand Total: 191 creatures vanquished

Table legend: (Time is in decaauts)
 A = Elapsed time spent in this place.
 B = Non-inter-level travel time spent in this place.
 C = Inter-level travel time spent in this place.
 D = Time resting spent in this place.
 E = Time spent auto-exploring this place.
 F = Levels seen in this place.
 G = Mean time per level.
                   A        B        C        D        E       F      G
               +--------+--------+--------+--------+--------+-----+--------+
         Total |   7920 |   7601 |    319 |   2490 |   3525 |   9 |  880.0 |
       Dungeon |   7602 |   7338 |    264 |   2474 |   3423 |   7 | 1086.0 |
        Temple |    126 |     71 |     55 |      0 |     69 |   1 |  126.0 |
        Bailey |    191 |    191 |      0 |     16 |     33 |   1 |  191.0 |
               +--------+--------+--------+--------+--------+-----+--------+

Top non-repeatable levels by time:
     D:3: 1709 daAuts
     D:5: 1429 daAuts
     D:2: 1351 daAuts
     D:4: 1078 daAuts
     D:6: 885 daAuts
     D:1: 723 daAuts
     D:7: 425 daAuts
  Bailey: 191 daAuts
  Temple: 126 daAuts

Table legend:
 A = Non-vault XP
 B = Vault XP
 C = Vault XP percentage of total XP
 D = Non-vault monster count
 E = Vault monster count
 F = Vault count percentage of total count
                 A         B        C        D         E       F
            +---------+---------+-------+---------+---------+-------
      Total |    3099 |    1207 |  28.0 |     154 |      34 |  18.1
            +---------+---------+-------+---------+---------+-------
        D:1 |      63 |       4 |   6.0 |      32 |       2 |   5.9
        D:2 |      23 |       0 |   0.0 |       9 |       0 |   0.0
        D:3 |     209 |       0 |   0.0 |      33 |       0 |   0.0
        D:4 |     390 |       0 |   0.0 |      20 |       0 |   0.0
        D:5 |    1039 |     224 |  17.7 |      30 |       2 |   6.2
        D:6 |     389 |       0 |   0.0 |      10 |       0 |   0.0
        D:7 |     986 |     614 |  38.4 |      20 |       5 |  20.0
     Bailey |       0 |     365 | 100.0 |       0 |      25 | 100.0
            +---------+---------+-------+---------+---------+-------
